AoeStats
← ヘレン・ケラー 私は彼女を嗅ぐ

Highland

505769328Analyzed
4v4 RM · 23d ago on Sep 11, 2026· 54m 18s· 8 players
Game mode
Random Map
Map size
Large (8 player)
Population
200
Speed
Normal
Resources
Standard
Victory
Conquest
Starting age
Dark Age
Ending age
Imperial Age
RankedLock teamsTeams togetherTeam positionsShared explorationLock speedFull tech treeHidden civsTurbo modeCheats
Victory
Defeat
🇯🇵 Bulgarians · Japan
1124
+11
🇵🇦 Ethiopians · Panama
1091
+12
🇻🇳 Dravidians · Vietnam
1075
+13
🇮🇱 Saracens · Israel
1061
+14
🇨🇦 Byzantines · Canada
1066
-14
🇨🇦 Inca · Canada
1000
-38
🇨🇦 Tupi · Canada
962
-11
Spitfire
11:44 Feudal Age
15:26 Castle Age
13:45 Double-Bit Axe
14:16 Horse Collar
16:00 Loom
17:16 Bow Saw
22:42 Wheelbarrow
25:00 Gold Mining
25:25 Heavy Plow
26:41 Hand Cart
29:57 Imperial Age
27:25 Stone Mining
28:12 Gold Shaft Mining
28:20 Scale Barding Armor
28:26 Forging
28:31 Careening
28:06 Treadmill Crane
28:21 Murder Holes
29:28 Bloodlines
29:20 Husbandry
29:18 Town Watch
28:57 Light Cavalry
31:30 Heavy Camel Rider
32:34 Chain Barding Armor
32:49 Iron Casting
32:32 Fletching
33:46 Plate Barding Armor
36:30 Blast Furnace
35:21 Fletching
36:35 Chemistry
35:56 Ballistics
35:42 Siege Engineers
35:26 Elite Mameluke
36:30 Scale Mail Armor
36:31 Padded Archer Armor
35:56 Hussar
40:40 Conscription
41:24 Bodkin Arrow
46:44 Bimaristan
47:45 Bracer
48:01 Leather Archer Armor
53:28 Spies/Treason
sada-aki
7:47 Loom
11:11 Feudal Age
11:44 Horse Collar
11:50 Double-Bit Axe
17:51 Castle Age
18:46 Bow Saw
20:43 Stone Mining
25:32 Forging
25:23 Scale Mail Armor
26:31 Gambesons
27:26 Scale Barding Armor
27:34 Bloodlines
29:19 Iron Casting
29:32 Chain Barding Armor
30:32 Chain Mail Armor
30:21 Gold Mining
34:56 Imperial Age
34:32 Ballistics
35:04 Elite Konnik
36:49 Blast Furnace
36:20 Plate Mail Armor
37:18 Plate Barding Armor
37:40 Plate Mail Armor
37:34 Stirrups
43:51 Caravan
45:57 Husbandry
P2Phantom
12:18 Feudal Age
15:18 Loom
18:16 Castle Age
16:57 Double-Bit Axe
18:15 Fletching
18:41 Gold Mining
18:43 Stone Mining
18:41 Horse Collar
19:17 Padded Archer Armor
19:51 Bodkin Arrow
22:01 Elite Skirmisher
26:48 Leather Archer Armor
28:51 Heavy Plow
29:40 Bow Saw
31:38 Forging
34:07 Scale Mail Armor
37:10 Chain Mail Armor
37:33 Ballistics
39:21 Gold Shaft Mining
42:25 Imperial Age
40:35 Wheelbarrow
42:03 Royal Heirs
42:29 Capped Ram
42:59 Heavy Scorpion
45:22 Chemistry
44:31 Siege Engineers
44:49 Siege Ram
45:54 Conscription
46:58 Two-Man Saw
45:53 Elite Shotel Warrior
48:49 Hand Cart
49:07 Thumb Ring
49:51 Plate Mail Armor
49:57 Iron Casting
49:22 Bracer
49:53 Ring Archer Armor
52:14 Town Watch
54:11 Blast Furnace
54:03 Spies/Treason
54:11 Spies/Treason
nguyenhoanglan060
3:57 Loom
11:19 Feudal Age
15:51 Castle Age
19:37 Double-Bit Axe
22:22 Fishing Lines
23:48 Wheelbarrow
25:23 Gillnets
27:01 Bow Saw
30:47 Imperial Age
29:34 Fletching
29:44 Padded Archer Armor
30:31 Hand Cart
30:49 Crossbowman
31:39 Thumb Ring
31:33 Gold Mining
31:28 Crossbowman
32:52 Arbalester
35:41 Horse Collar
37:09 Bodkin Arrow
37:32 Leather Archer Armor
37:42 Stone Mining
38:16 Elite Elephant Archer
39:09 Heavy Plow
40:32 Bracer
41:02 Ring Archer Armor
42:10 Scale Barding Armor
42:30 Ballistics
43:11 Chemistry
43:24 Caravan
44:02 Conscription
45:20 Chain Barding Armor
46:40 Medical Corps
46:22 Pikeman
47:02 Squires
46:48 Gambesons
47:31 Husbandry
49:30 Forging
49:20 Scale Mail Armor
51:05 Wootz Steel
51:21 Man-at-Arms
51:44 Halberdier
52:11 Light Cavalry
54:18 Elite Urumi Swordsman
Puijnty
9:17 Loom
13:57 Feudal Age
17:12 Champi Runner
17:41 Arson
26:56 Wheelbarrow
37:27 Castle Age
39:41 Forging
39:34 Scale Mail Armor
39:17 Pikeman
39:19 Champi Warrior
40:03 Squires
ヘレン・ケラー 私は彼女を嗅ぐ
14:23 Feudal Age
14:27 Man-at-Arms
15:40 Double-Bit Axe
17:17 Horse Collar
22:43 Castle Age
23:05 Gold Mining
24:23 Long Swordsman
24:32 Crossbowman
26:12 Bow Saw
26:05 Heavy Plow
27:38 Thumb Ring
27:10 Demolition Ship
28:42 Husbandry
30:26 Elite Skirmisher
32:25 Pikeman
35:14 Wheelbarrow
35:13 Stone Mining
38:12 Imperial Age
35:59 Hand Cart
38:58 Arbalester
39:41 Elite Rattan Archer
39:48 Elite Rattan Archer
The Dog
1:45 Loom
11:52 Feudal Age
13:13 Double-Bit Axe
14:08 Horse Collar
21:22 Castle Age
19:43 Fletching
19:54 Padded Archer Armor
21:30 Town Watch
21:57 Crossbowman
23:05 Bodkin Arrow
23:32 Heavy Plow
23:43 Bow Saw
25:47 Wheelbarrow
25:17 Champi Runner
29:45 Ballistics
31:59 Hand Cart
36:58 Imperial Age
34:34 Elite Skirmisher
34:56 Pikeman
35:36 Squires
35:22 Arson
35:40 Scale Mail Armor
35:51 Forging
37:55 Arbalester
39:03 Conscription
39:14 Gold Mining
39:14 Stone Mining
39:35 Bracer
39:51 Leather Archer Armor
39:53 Chain Mail Armor
40:36 Curare
40:40 Halberdier
41:58 Iron Casting
43:51 Champi Warrior
45:54 Imperial Skirmisher
49:14 Onager
ROCK Hard Peanuts
12:05 Feudal Age
14:48 Loom
18:12 Castle Age
17:17 Forging
17:12 Scale Barding Armor
18:05 Double-Bit Axe
18:02 Horse Collar
18:33 Scale Barding Armor
20:06 Chain Barding Armor
20:22 Iron Casting
20:14 Bow Saw
22:46 Heavy Plow
25:46 Wheelbarrow
28:15 Hand Cart
28:45 Husbandry
34:55 Imperial Age
35:04 Cavalier
36:36 Plate Barding Armor
38:09 Paladin
41:35 Crop Rotation
40:38 Heavy Camel Rider
42:15 Gold Mining
42:15 Stone Mining
45:54 Ballistics
46:34 Chemistry
45:31 Murder Holes
45:17 Treadmill Crane
48:44 Gold Shaft Mining
48:01 Stone Mining
50:36 Hoardings
50:23 Conscription
50:00 Elite Skirmisher
50:46 Thumb Ring
51:49 Light Cavalry
52:42 Thumb Ring
Connection lost

Rejoining the realm…

Still unreachable

The connection could not be restored.

Session expired

The server has moved on; the page needs a fresh start.